 Dungeon Crawl Stone Soup version 0.23-a0-767-gdc19b93d68 (webtiles) character file.

66 EnegeticOcto the Skirmisher (level 3, -2/18 HPs)
             Began as a Felid Abyssal Knight on Jan 24, 2019.
             Was a Believer of Lugonu.
             Splashed by a jelly's acid (4 damage)
             ... on level 4 of the Dungeon.
             The game lasted 00:08:09 (3369 turns).

EnegeticOcto the Skirmisher (Felid Abyssal Knight)  Turns: 3369, Time: 00:08:10

Health: -2/18      AC: -7    Str:  8    XL:     3   Next: 96%
Magic:  4/5        EV: 18    Int: 14    God:    Lugonu [**....]
Gold:   85         SH:  0    Dex: 15    Spells: 1/2 levels left
                                        Lives:  0   Deaths: 1

rFire    . . .     SeeInvis +     - Unarmed
rCold    . . .     Gourm    .   (shield unavailable)
rNeg     . . .     Faith    .   (armour unavailable)
rPois    .         Spirit   .   (helmet unavailable)
rElec    .         Reflect  .   (cloak unavailable)
rCorr    .         Harm     .   (gloves unavailable)
MR       .....                  (boots unavailable)
Stlth    +++.......             (no amulet)
HPRegen  0.06/turn              (no ring)
MPRegen  0.09/turn              (no ring)

@: corroded, quick
A: very small, no armour, no weapons or thrown items, stealth, claws 1, fangs 3,
see invisible, carnivore, speed 1, shaggy fur 1, slow metabolism 1, sharp paws
a: Depart the Abyss, Bend Space, Renounce Religion


You were on level 4 of the Dungeon.
You worshipped Lugonu.
Lugonu was pleased with you.
You were completely stuffed.

You visited 1 branch of the dungeon, and saw 4 of its levels.
You visited the Abyss 1 time.

You collected 85 gold pieces.

Inventory:

Scrolls
 b - 2 scrolls of identify {unknown}
 c - 2 scrolls of teleportation {unknown}
 d - a scroll of immolation {unknown}
 j - a scroll of remove curse {unknown}
 k - 2 scrolls of blinking {unknown}
Potions
 e - a potion of mutation {unknown}
 g - 2 potions of agility
 h - a potion of resistance {unknown}
 i - a potion of brilliance {unknown}
Comestibles
 a - 8 rations
 f - a chunk of flesh


   Skills:
 + Level 3.7 Fighting
 - Level 3.2 Dodging
 + Level 2.9 Stealth
 + Level 3.0 Unarmed Combat
 * Level 2.8 Hexes
 - Level 1.7 Invocations


You had one spell level left.
You knew the following spells:

 Your Spells              Type           Power        Failure   Level  Hunger
a - Confusing Touch       Hex            #.....       9%          1    ##.....

Your spell library contained the following spells:

 Spells                   Type           Power        Failure   Level  Hunger
 Animate Skeleton         Necr           N/A          28%         1    ##.....
 Apportation              Tloc           #.....       28%         1    ##.....
 Summon Small Mammal      Summ           #...         28%         1    ##.....


Dungeon Overview and Level Annotations

Branches:
Dungeon (4/15)
 Temple: D:4-7

Altars:
Ru


Innate Abilities, Weirdness & Mutations

You cannot wear armour.
You are incapable of wielding weapons or throwing items.
Your paws allow you to move quietly. (Stealth)
You have sharp claws.
You have razor-sharp teeth.
You have supernaturally acute eyesight. (SInv)
You are carnivorous and can eat meat at any time.
You cover ground quickly.
You are covered in fur. (AC +1)
You have a slow metabolism.
Your sharp claws are effective at attacking unaware monsters.


Message History

You scratch the jelly. The acid corrodes you!
Your paws burn!
You claw the jelly, but do no damage.
The jelly is moderately wounded.
The jelly closely misses you.
You claw the jelly!
Your paws burn!
You bite the jelly, but do no damage.
The jelly is almost dead.
The jelly misses you.
You scratch the jelly.
Your paws burn!
The jelly is almost dead.
The jelly closely misses you.
You scratch the jelly but do no damage.
Your paws burn!
* * * LOW HITPOINT WARNING * * *
The jelly is almost dead.
The jelly misses you.
You scratch the jelly but do no damage.
Your paws burn!
* * * LOW HITPOINT WARNING * * *
The jelly is almost dead.
The jelly misses you.
You scratch the jelly but do no damage.
Your paws burn!
You die...

#...### #.....
#...# #...#
###########...#####
....$..............
########.##....###.
.......J......#
.######@##.##.#
#.##.# .# ...... #
.#.##.. ....##.. ..
#.# ##. #.. # ###


You could see a jelly (confused).

Vanquished Creatures
  5 adders
  An ooze (D:2)
  2 worms
  A leopard gecko (D:2)
  An orc (D:3)
  5 giant cockroaches
  7 goblins
  2 hobgoblins (D:1)
  4 jackals
  A ball python (D:1)
  6 bats
  7 frilled lizards
  5 kobolds
  10 rats
57 creatures vanquished.

Vanquished Creatures (others)
  4 starspawn tentacles (Abyss:1)
4 creatures vanquished.

Grand Total: 61 creatures vanquished

Notes
Turn   | Place    | Note
-------+----------+-------------------------------------------
     0 | Abyss:1  | EnegeticOcto the Felid Abyssal Knight began the quest for
                  | the Orb.
     0 | Abyss:1  | Reached XP level 1. HP: 10/10 MP: 3/3
     7 | Abyss:1  | Found a corrupted altar of Lugonu.
    72 | Abyss:1  | Noticed a large abomination
    73 | Abyss:1  | Noticed a small abomination
    76 | Abyss:1  | Noticed a freezing wraith
    93 | Abyss:1  | Noticed a vampire mage
   117 | Abyss:1  | Noticed a tentacled starspawn
   121 | Abyss:1  | Noticed a rust devil
   129 | Abyss:1  | Found a corrupted altar of Lugonu.
   145 | Abyss:1  | Noticed an air elemental
   147 | D:1      | Escaped the Abyss
   393 | D:1      | Reached skill level 1 in Stealth
   418 | D:1      | Reached * piety under Lugonu
   461 | D:1      | Reached XP level 2. HP: 14/14 MP: 4/4
  1591 | D:2      | Reached XP level 3. HP: 17/17 MP: 5/5
  1602 | D:2      | Learned a level 1 spell: Confusing Touch
  1745 | D:2      | Reached skill level 1 in Hexes
  2357 | D:2      | Reached XP level 4. HP: 17/21 MP: 3/6
  2651 | D:3      | HP: 1/21 [poisoned by an adder]
  2652 | D:3      | Succumbed to an adder's poison
  2653 | D:3      | Reached XP level 3. HP: 0/17 MP: 5/5
  2766 | D:3      | Reached ** piety under Lugonu
  3101 | D:3      | Found a sacrificial altar of Ru.
  3369 | D:4      | Splashed by a jelly's acid

Vault maps used:
D:1:      dpeg_arrival_shrine, hangedman_abyss_or_decor_lesser_grid
D:2:      first_ration
D:3:      corexii_shack_village, chequers_ecumenical_altar_grove,
          nicolae_ru_the_path_less_chosen
D:4:      kennysheep_little_box, minmay_temple_entry_waves, uniq_duvessa,
          uniq_menkaure
Abyss:1:  hangedman_abyss_feature_spike

Skill      XL: |  1  2  3 |
---------------+----------+-----
Stealth        | 1 2 |  2.9
Hexes          | 2 |  2.8
Unarmed Combat | 3 |  3.0
Fighting       | |  3.7
Dodging        | |  3.2
Invocations    | |  1.7

Action                   |  1- 3 |  4- 6 || total
-------------------------+-------+-------++-------
Melee: Unarmed           |   190 |    13 ||   203
       Bite              |    14 |     1 ||    15
       Punch             |     2 |       ||     2
 Cast: Confusing Touch   |    12 |     2 ||    14
Invok: Depart the Abyss  |     1 |       ||     1
  Use: Potion            |       |     2 ||     2
 Stab: Sleeping          |    13 |     1 ||    14
       Distracted        |     1 |       ||     1
       Confused          |     8 |       ||     8
  Eat: Chunk             |    17 |     1 ||    18
Armor: Skin              |     9 |     4 ||    13
Dodge: Dodged            |   134 |    15 ||   149

Table legend:
 A = Non-vault XP
 B = Vault XP
 C = Vault XP percentage of total XP
 D = Non-vault monster count
 E = Vault monster count
 F = Vault count percentage of total count
                 A         B        C        D         E       F
            +---------+---------+-------+---------+---------+-------
      Total |     157 |       1 |   0.6 |      56 |       1 |   1.8
            +---------+---------+-------+---------+---------+-------
        D:1 |      29 |       0 |   0.0 |      19 |       0 |   0.0
        D:2 |      70 |       0 |   0.0 |      25 |       0 |   0.0
        D:3 |      58 |       1 |   1.7 |      12 |       1 |   7.7
            +---------+---------+-------+---------+---------+-------
